TOP OF THE 1ST |
Peoria Chiefs batting - Pitching for Kane County Cougars : LHP Nate Earnshaw
|
Pitching: LHP Nate Earnshaw
|
|
Batting: RHB Josh Martin
|
0-0: Bunted foul 0-1: Fly out, F4 (Flyball, 34D, EV 89.4 MPH)
|
Batting: RHB Mark Cahill
|
0-0: Hit by Pitch
|
Batting: RHB Justin Reich
|
0-0: Ball 1-0: Called Strike 1-1: Hit by Pitch Mark Cahill to second
|
Pinch Runner at 1st Ichiro Toyota:
|
|
Batting: LHB Ken Compton
|
0-0: Fielders Choice at 2nd, 3-6 (Groundball, 34S, EV 83.1 MPH) Mark Cahill to third
|
Batting: SHB Bobby O'Leary
|
0-0: Ball 1-0: Ball 2-0: Foul Ball, location: 2F 2-1: Fielders Choice at 2nd, 6-4 (Groundball, 6, EV 84.4 MPH)
|
Top of the 1st over - 0 runs, 0 hits, 0 errors, 2 left on base; Peoria 0 - Kane County 0 |
BOTTOM OF THE 1ST |
Kane County Cougars batting - Pitching for Peoria Chiefs : RHP Tristan Johnson
|
Pitching: RHP Tristan Johnson
|
|
Now at 2B: Ichiro Toyota
|
|
Now at SS: Josh Martin
|
|
Batting: LHB Willie Gutierrez
|
0-0: Ball 1-0: Reached on error, E6 (Groundball, 6, EV 87.5 MPH)
|
Batting: RHB Dave Vargas
|
0-0: Ball 1-0: Ground out 3-1 (Groundball, 3S, EV 68.1 MPH) Willie Gutierrez to third
|
Batting: LHB T.J. Duvall
|
0-0: Ball 1-0: Foul Ball, location: 2F 1-1: Ball 2-1: Ball 3-1: Base on Balls
|
Batting: RHB Franklin Villanueva
|
0-0: Called Strike 0-1: Foul Ball, location: 2F 0-2: Foul Ball, location: 2F 0-2: Foul Ball, location: 2F 0-2: Ball 1-2: Grounds into double play, 5-4-3 (Groundball, 56S, EV 77.5 MPH)
|
Bottom of the 1st over - 0 runs, 0 hits, 1 error, 1 left on base; Peoria 0 - Kane County 0 |
TOP OF THE 2ND |
Peoria Chiefs batting - Pitching for Kane County Cougars : LHP Nate Earnshaw
|
Batting: LHB Billy Guzman
|
0-0: SINGLE (Groundball, 6S, EV 66.9 MPH) (infield hit)
|
Batting: LHB Jay Fenderson
|
0-0: Ball 1-0: Fielders Choice at 2nd, 6-4 (Groundball, 6, EV 103.1 MPH)
|
Batting: SHB Josh Conner
|
0-0: Called Strike 0-1: Fly out, F8 (Line Drive, 8RM, EV 91.9 MPH)
|
Batting: RHB Chris Simmons
|
0-0: Ball 1-0: Called Strike 1-1: Ball 2-1: Foul Ball, location: 2F 2-2: Ball 3-2: Foul Ball, location: 2F 3-2: Ground out 6-3 (Groundball, 6, EV 79.4 MPH)
|
Top of the 2nd over - 0 runs, 1 hit, 0 errors, 1 left on base; Peoria 0 - Kane County 0 |
BOTTOM OF THE 2ND |
Kane County Cougars batting - Pitching for Peoria Chiefs : RHP Tristan Johnson
|
Batting: RHB John Pena
|
0-0: Ball 1-0: Ball 2-0: Ball 3-0: Called Strike 3-1: Fly out, F9 (Flyball, 89M, EV 83.1 MPH)
|
Batting: RHB Jake Hodge
|
0-0: Called Strike 0-1: Foul Ball, location: 2F 0-2: Strikes out looking
|
Batting: RHB Curt Barrett
|
0-0: Called Strike 0-1: Ball 1-1: Foul Ball, location: 2F 1-2: Strikes out swinging
|
Bottom of the 2nd over - 0 runs, 0 hits, 0 errors, 0 left on base; Peoria 0 - Kane County 0 |
TOP OF THE 3RD |
Peoria Chiefs batting - Pitching for Kane County Cougars : LHP Nate Earnshaw
|
Batting: RHB Josh Martin
|
0-0: Swinging Strike 0-1: Ball 1-1: Foul Ball, location: 2F 1-2: Fly out, F8 (Flyball, 8RD, EV 95.6 MPH)
|
Batting: RHB Mark Cahill
|
0-0: Ball 1-0: Ground out 4-3 (Groundball, 4M, EV 86.9 MPH)
|
Batting: LHB Ichiro Toyota
|
0-0: Swinging Strike 0-1: Foul Ball, location: 2F 0-2: Ground out 6-3 (Groundball, 6, EV 84.4 MPH)
|
Top of the 3rd over - 0 runs, 0 hits, 0 errors, 0 left on base; Peoria 0 - Kane County 0 |
BOTTOM OF THE 3RD |
Kane County Cougars batting - Pitching for Peoria Chiefs : RHP Tristan Johnson
|
Batting: LHB Brian Nielsen
|
0-0: Ball 1-0: Called Strike 1-1: Fly out, F4 (Popup, 34, EV 76.3 MPH)
|
Batting: RHB Jason Rivers
|
0-0: Ball 1-0: Called Strike 1-1: Fly out, F5 (Popup, 5SF, EV 73.1 MPH)
|
Batting: LHB Willie Gutierrez
|
0-0: Ball 1-0: Ball 2-0: Ball 3-0: Called Strike 3-1: Foul Ball, location: 2F 3-2: Strikes out swinging
|
Bottom of the 3rd over - 0 runs, 0 hits, 0 errors, 0 left on base; Peoria 0 - Kane County 0 |
TOP OF THE 4TH |
Peoria Chiefs batting - Pitching for Kane County Cougars : LHP Nate Earnshaw
|
Batting: LHB Ken Compton
|
0-0: Ball 1-0: Foul Ball, location: 2F 1-1: Ball 2-1: Foul Ball, location: 2F 2-2: Ball 3-2: Foul Ball, location: 2F 3-2: Foul Ball, location: 2F 3-2: Foul Ball, location: 2F 3-2: Ground out 4-3 (Groundball, 4M, EV 83.1 MPH)
|
Batting: SHB Bobby O'Leary
|
0-0: Foul Ball, location: 2F 0-1: Ball 1-1: Foul Ball, location: 2F 1-2: Ball 2-2: Ground out 6-3 (Groundball, 6, EV 106.9 MPH)
|
Batting: LHB Billy Guzman
|
0-0: Foul Ball, location: 2F 0-1: Ground out 4-3 (Groundball, 4S, EV 88.1 MPH)
|
Top of the 4th over - 0 runs, 0 hits, 0 errors, 0 left on base; Peoria 0 - Kane County 0 |
BOTTOM OF THE 4TH |
Kane County Cougars batting - Pitching for Peoria Chiefs : RHP Tristan Johnson
|
Batting: RHB Dave Vargas
|
0-0: Called Strike 0-1: Swinging Strike 0-2: Ball 1-2: Strikes out looking
|
Batting: LHB T.J. Duvall
|
0-0: Called Strike 0-1: Ball 1-1: Ball 2-1: Ball 3-1: Base on Balls
|
Batting: RHB Franklin Villanueva
|
0-0: Called Strike 0-1: Ball Passed Ball! T.J. Duvall to second 1-1: Ground out 6-3 (Groundball, 6, EV 79.4 MPH)
|
Batting: RHB John Pena
|
0-0: Ground out 6-3 (Groundball, 6, EV 89.4 MPH)
|
Bottom of the 4th over - 0 runs, 0 hits, 0 errors, 1 left on base; Peoria 0 - Kane County 0 |
TOP OF THE 5TH |
Peoria Chiefs batting - Pitching for Kane County Cougars : LHP Nate Earnshaw
|
Batting: LHB Jay Fenderson
|
0-0: Ball 1-0: Called Strike 1-1: DOUBLE (Groundball, 5L, EV 100.6 MPH)
|
Batting: SHB Josh Conner
|
0-0: Called Strike 0-1: Foul Ball, location: 2F 0-2: Ball 1-2: Ball 2-2: Foul Ball, location: 2F 2-2: SINGLE (Line Drive, 89S, EV 90.6 MPH) Jay Fenderson to third Runner from 3rd tries for Home, SAFE, throw by CF to home
|
Batting: RHB Chris Simmons
|
0-0: Ball 1-0: Ball 2-0: Foul Ball, location: 2F 2-1: 2-RUN HOME RUN (Flyball, 7D, EV 98.1 MPH), Distance : 379 ft
|
Batting: RHB Josh Martin
|
0-0: Foul Ball, location: 2F 0-1: Swinging Strike 0-2: Ball 1-2: Fly out, F9 (Line Drive, 9, EV 90.0 MPH)
|
Batting: RHB Mark Cahill
|
0-0: Called Strike 0-1: Ball 1-1: Ball 2-1: Ball 3-1: Base on Balls
|
Batting: LHB Ichiro Toyota
|
0-0: Ball 1-0: Called Strike 1-1: Ball 2-1: Called Strike 2-2: TRIPLE (Line Drive, 9LD, EV 107.5 MPH) Mark Cahill scores
|
Batting: LHB Ken Compton
|
0-0: Swinging Strike 0-1: Ball 1-1: Ball 2-1: Ball 3-1: Foul Ball, location: 2F 3-2: Foul Ball, location: 2F 3-2: DOUBLE (Line Drive, 89M, EV 109.4 MPH) Ichiro Toyota scores
|
Pitching: RHP Mike Cain
|
|
Batting: SHB Bobby O'Leary
|
0-0: Called Strike 0-1: Fly out, F8 (Flyball, 8RS, EV 77.5 MPH)
|
Batting: LHB Billy Guzman
|
0-0: Ball 1-0: Fly out, F8 (Flyball, 8RD, EV 101.9 MPH)
|
Top of the 5th over - 5 runs, 5 hits, 0 errors, 1 left on base; Peoria 5 - Kane County 0 |
BOTTOM OF THE 5TH |
Kane County Cougars batting - Pitching for Peoria Chiefs : RHP Tristan Johnson
|
Batting: RHB Jake Hodge
|
0-0: Fly out, F7 (Flyball, 7LM, EV 83.8 MPH)
|
Batting: RHB Curt Barrett
|
0-0: Ball 1-0: Foul Ball, location: 2F 1-1: Swinging Strike 1-2: Ball 2-2: Ball 3-2: SINGLE (Groundball, 56D, EV 110.0 MPH)
|
Batting: LHB Brian Nielsen
|
0-0: Reached on error, E6 (Groundball, 6S, EV 84.4 MPH) Curt Barrett to second
|
Batting: RHB Jason Rivers
|
0-0: Ball 1-0: Called Strike 1-1: DOUBLE (Flyball, 8LD, EV 103.8 MPH) Curt Barrett scores Brian Nielsen to third
|
Batting: LHB Willie Gutierrez
|
0-0: Called Strike 0-1: Ground out 6-3 (Groundball, 6, EV 90.6 MPH) Brian Nielsen scores
|
Batting: RHB Dave Vargas
|
0-0: Swinging Strike 0-1: Called Strike 0-2: Ball 1-2: Strikes out swinging
|
Bottom of the 5th over - 2 runs, 2 hits, 1 error, 1 left on base; Peoria 5 - Kane County 2 |
TOP OF THE 6TH |
Peoria Chiefs batting - Pitching for Kane County Cougars : RHP Mike Cain
|
Batting: LHB Jay Fenderson
|
0-0: Ball 1-0: Swinging Strike 1-1: Ball 2-1: Foul Ball, location: 2F 2-2: Foul Ball, location: 2F 2-2: Ball 3-2: Foul Ball, location: 2F 3-2: SINGLE (Groundball, 5D, EV 101.9 MPH)
|
Batting: SHB Josh Conner
|
0-0: Ball Jay Fenderson is caught stealing 2nd base 2-6 1-0: Ground out 5-3 (Groundball, 56S, EV 74.4 MPH)
|
Batting: RHB Chris Simmons
|
0-0: Foul Ball, location: 2F 0-1: Ball 1-1: Ball 2-1: Foul Ball, location: 2F 2-2: Ball 3-2: Ground out 5-3 (Groundball, 5S, EV 73.1 MPH)
|
Top of the 6th over - 0 runs, 1 hit, 0 errors, 0 left on base; Peoria 5 - Kane County 2 |
BOTTOM OF THE 6TH |
Kane County Cougars batting - Pitching for Peoria Chiefs : RHP Tristan Johnson
|
Batting: LHB T.J. Duvall
|
0-0: Called Strike 0-1: Fly out, F8 (Flyball, 8LS, EV 85.6 MPH)
|
Batting: RHB Franklin Villanueva
|
0-0: SINGLE (Line Drive, 4MD, EV 103.8 MPH)
|
Batting: RHB John Pena
|
0-0: Ball 1-0: Ball Passed Ball! Franklin Villanueva to second 2-0: Called Strike 2-1: Fly out, F8 (Flyball, 8RM, EV 86.3 MPH)
|
Batting: RHB Jake Hodge
|
0-0: Called Strike 0-1: Ball 1-1: Foul Ball, location: 2F 1-2: Strikes out looking
|
Bottom of the 6th over - 0 runs, 1 hit, 0 errors, 1 left on base; Peoria 5 - Kane County 2 |
TOP OF THE 7TH |
Peoria Chiefs batting - Pitching for Kane County Cougars : RHP Mike Cain
|
Pitching: RHP Joey Keim
|
|
Batting: RHB Josh Martin
|
0-0: Foul Ball, location: 2F 0-1: Ball 1-1: Foul Ball, location: 2F 1-2: Foul Ball, location: 2F 1-2: Ball 2-2: Strikes out swinging
|
Batting: RHB Mark Cahill
|
0-0: Called Strike 0-1: Ball 1-1: Ball 2-1: Foul Ball, location: 2F 2-2: Strikes out swinging
|
Batting: LHB Ichiro Toyota
|
0-0: Foul Ball, location: 2F 0-1: Ball 1-1: Ball 2-1: Foul Ball, location: 2F 2-2: Ball 3-2: SINGLE (Groundball, 4D, EV 108.8 MPH)
|
Batting: LHB Ken Compton
|
0-0: Ball 1-0: Foul Ball, location: 2F 1-1: TRIPLE (Groundball, 3L, EV 106.3 MPH) Ichiro Toyota scores
|
Batting: SHB Bobby O'Leary
|
0-0: Called Strike 0-1: Ball Wild Pitch! Ken Compton scores 1-1: Swinging Strike 1-2: Ground out 4-3 (Groundball, 4, EV 81.3 MPH)
|
Top of the 7th over - 2 runs, 2 hits, 0 errors, 0 left on base; Peoria 7 - Kane County 2 |
BOTTOM OF THE 7TH |
Kane County Cougars batting - Pitching for Peoria Chiefs : RHP Tristan Johnson
|
Batting: RHB Curt Barrett
|
0-0: Called Strike 0-1: Ball 1-1: Swinging Strike 1-2: Ball 2-2: Ball 3-2: Base on Balls
|
Batting: LHB Brian Nielsen
|
0-0: Ball 1-0: Called Strike 1-1: Foul Ball, location: 2F 1-2: Fly out, F7 (Flyball, 7D, EV 101.9 MPH)
|
Batting: RHB Jason Rivers
|
0-0: Foul Ball, location: 2F 0-1: Ball 1-1: Swinging Strike Passed Ball! Curt Barrett to second 1-2: Ball 2-2: SINGLE (Line Drive, 8LS, EV 98.1 MPH) Curt Barrett to third
|
Pitching: RHP Steve Barnett
|
|
Batting: LHB Willie Gutierrez
|
0-0: Ball 1-0: Ball 2-0: Ball 3-0: Base on Balls Jason Rivers to second
|
Batting: RHB Dave Vargas
|
0-0: SINGLE (Groundball, 6MD, EV 101.3 MPH) Curt Barrett scores Jason Rivers to third Willie Gutierrez to second
|
Batting: LHB T.J. Duvall
|
0-0: Called Strike 0-1: Ball 1-1: Foul Ball, location: 2F 1-2: Ball Passed Ball! Jason Rivers scores Willie Gutierrez to third Dave Vargas to second 2-2: Foul Ball, location: 2F 2-2: Foul Ball, location: 2F 2-2: Strikes out swinging
|
Batting: RHB Franklin Villanueva
|
0-0: Ball 1-0: DOUBLE (Line Drive, 5D, EV 101.3 MPH) Willie Gutierrez scores Dave Vargas scores
|
Batting: RHB John Pena
|
0-0: Ball 1-0: Foul Ball, location: 2F 1-1: Ball 2-1: Swinging Strike Passed Ball! Franklin Villanueva to third 2-2: Strikes out swinging
|
Bottom of the 7th over - 4 runs, 3 hits, 0 errors, 1 left on base; Peoria 7 - Kane County 6 |
TOP OF THE 8TH |
Peoria Chiefs batting - Pitching for Kane County Cougars : RHP Joey Keim
|
Pitching: RHP Ming-feng Pi
|
|
Batting: LHB Billy Guzman
|
0-0: Ball 1-0: Ball 2-0: Swinging Strike 2-1: Ball 3-1: Base on Balls
|
Batting: LHB Jay Fenderson
|
0-0: Foul Ball, location: 2F 0-1: SINGLE (Groundball, 34D, EV 100.0 MPH) Billy Guzman to second Runner from 2nd tries for 3rd, SAFE, throw by RF made to third
|
Batting: SHB Josh Conner
|
0-0: Ball 1-0: Ball 2-0: Called Strike 2-1: Foul Ball, location: 2F 2-2: Fly out, F7 (Flyball, 78M, EV 86.3 MPH) Runner from 3rd tags up, SCORES, throw by LF
|
Batting: RHB Chris Simmons
|
0-0: Ball Jay Fenderson is caught stealing 2nd base 2-4 1-0: Called Strike 1-1: Ball 2-1: SOLO HOME RUN (Flyball, 7D, EV 95.6 MPH), Distance : 372 ft
|
Batting: RHB Josh Martin
|
0-0: Called Strike 0-1: Swinging Strike 0-2: Ball 1-2: SOLO HOME RUN (Flyball, 78XD, EV 108.8 MPH), Distance : 406 ft
|
Pitching: LHP Yorihiko Honda
|
|
Batting: RHB Mark Cahill
|
0-0: Called Strike 0-1: Foul Ball, location: 2F 0-2: Ground out 6-3 (Groundball, 6, EV 105.6 MPH)
|
Top of the 8th over - 3 runs, 3 hits, 0 errors, 0 left on base; Peoria 10 - Kane County 6 |
BOTTOM OF THE 8TH |
Kane County Cougars batting - Pitching for Peoria Chiefs : RHP Steve Barnett
|
Batting: RHB Jake Hodge
|
0-0: Foul Ball, location: 2F 0-1: Called Strike 0-2: Strikes out looking
|
Batting: RHB Curt Barrett
|
0-0: Ball 1-0: Swinging Strike 1-1: Called Strike 1-2: Strikes out looking
|
Batting: LHB Brian Nielsen
|
0-0: Ground out 3-1 (Groundball, 3L, EV 95.6 MPH)
|
Bottom of the 8th over - 0 runs, 0 hits, 0 errors, 0 left on base; Peoria 10 - Kane County 6 |
TOP OF THE 9TH |
Peoria Chiefs batting - Pitching for Kane County Cougars : LHP Yorihiko Honda
|
Batting: LHB Ichiro Toyota
|
0-0: Called Strike 0-1: Swinging Strike 0-2: SINGLE (Groundball, 3D, EV 103.1 MPH)
|
Batting: LHB Ken Compton
|
0-0: Ball 1-0: Ball 2-0: Ball 3-0: Called Strike 3-1: DOUBLE (Line Drive, 7LS, EV 101.3 MPH) Ichiro Toyota to third
|
Pitching: LHP Justin Martin
|
|
Batting: SHB Bobby O'Leary
|
0-0: Ball 1-0: Called Strike 1-1: SINGLE (Line Drive, 4M, EV 96.9 MPH) Ichiro Toyota scores Ken Compton to third
|
Batting: LHB Billy Guzman
|
0-0: Called Strike 0-1: Ball 1-1: Swinging Strike 1-2: Ball 2-2: Foul Ball, location: 2F 2-2: Ball Bobby O'Leary is caught stealing 2nd base 2-6 3-2: Strikes out swinging
|
Pitching: RHP Andy Jensen
|
|
Batting: LHB Jay Fenderson
|
0-0: Ball 1-0: Ball 2-0: Ball 3-0: Called Strike 3-1: SINGLE (Groundball, 4MS, EV 71.3 MPH) (infield hit) Ken Compton scores
|
Batting: SHB Josh Conner
|
0-0: Ball Jay Fenderson steals 2nd base 1-0: Called Strike 1-1: Foul Ball, location: 2F 1-2: Ball 2-2: Foul Ball, location: 2F 2-2: Ball 3-2: SINGLE (Groundball, 34D, EV 99.4 MPH) Jay Fenderson to third Runner from 3rd tries for Home, SAFE, throw by RF to home
|
Batting: RHB Chris Simmons
|
0-0: Ball 1-0: Ball 2-0: TRIPLE (Line Drive, 78XD, EV 102.5 MPH) Josh Conner scores
|
Batting: RHB Josh Martin
|
0-0: Ball 1-0: Swinging Strike 1-1: Ball 2-1: Ball 3-1: Base on Balls
|
Batting: RHB Mark Cahill
|
0-0: Ball 1-0: SINGLE (Line Drive, 9S, EV 88.8 MPH) Chris Simmons scores Josh Martin to second
|
Batting: LHB Ichiro Toyota
|
0-0: Ball 1-0: Ground out U3 (Groundball, 34, EV 86.9 MPH)
|
Top of the 9th over - 5 runs, 7 hits, 0 errors, 2 left on base; Peoria 15 - Kane County 6 |
BOTTOM OF THE 9TH |
Kane County Cougars batting - Pitching for Peoria Chiefs : RHP Steve Barnett
|
Pinch Hitting: RHB Mike Persinger
|
0-0: Ground out 6-3 (Groundball, 6, EV 87.5 MPH)
|
Batting: LHB Willie Gutierrez
|
0-0: Called Strike 0-1: Called Strike 0-2: Ball 1-2: SINGLE (Line Drive, 7S, EV 92.5 MPH)
|
Batting: RHB Dave Vargas
|
0-0: Ball 1-0: Called Strike 1-1: Ball 2-1: Foul Ball, location: 2F 2-2: Foul Ball, location: 2F 2-2: SINGLE (Line Drive, 89S, EV 92.5 MPH) Willie Gutierrez to second
|
Pinch Hitting: LHB Ron Tipton
|
0-0: Foul Ball, location: 2F 0-1: Ball 1-1: Ball 2-1: Ball Passed Ball! Willie Gutierrez to third Dave Vargas to second 3-1: Base on Balls
|
Pitching: RHP Quinn Grantham
|
|
Batting: RHB Franklin Villanueva
|
0-0: Ball 1-0: Swinging Strike 1-1: Called Strike 1-2: Foul Ball, location: 2F 1-2: Strikes out swinging
|
Batting: RHB John Pena
|
0-0: Ball 1-0: Ball 2-0: Ball 3-0: Base on Balls Willie Gutierrez scores Dave Vargas to third Ron Tipton to second
|
Batting: RHB Jake Hodge
|
0-0: Ball 1-0: Fielders Choice at 2nd, U4 (Groundball, 4M, EV 102.5 MPH)
|
Bottom of the 9th over - 1 run, 2 hits, 0 errors, 3 left on base; Peoria 15 - Kane County 7 |
|